TOP OF THE 1ST |
Austin River Sharks batting - Pitching for Kalamazoo Royale with Cheese : RHP Jason Taylor
|
Pitching: RHP Jason Taylor
|
|
Batting: LHB Miguel Pérez
|
0-0: Ball 1-0: SINGLE (Line Drive, 56D)
|
Batting: LHB Luis Padilla
|
0-0: Called Strike 0-1: Ball 1-1: Ball 2-1: Foul Ball, location: 2F 2-2: Strikes out swinging
|
Batting: LHB Roberto García
|
0-0: Ball 1-0: Swinging Strike 1-1: Fly out, F7 (Line Drive, 78M)
|
Batting: LHB Pedro Zaragoza
|
0-0: Called Strike 0-1: Ball 1-1: Foul Ball, location: 2F 1-2: Ball 2-2: Ball 3-2: Strikes out looking
|
Top of the 1st over - 0 run(s), 1 hit(s), 0 error(s), 1 left on base; Austin 0 - Kalamazoo 0 |
BOTTOM OF THE 1ST |
Kalamazoo Royale with Cheese batting - Pitching for Austin River Sharks : LHP Walter Bamber
|
Pitching: LHP Walter Bamber
|
|
Batting: RHB Fernando Martínez
|
0-0: Ball 1-0: Ball 2-0: Called Strike 2-1: Swinging Strike 2-2: Ball 3-2: Ground out 6-3 (Groundball, 6)
|
Batting: RHB Run-ming Zhu
|
0-0: Ball 1-0: Ball 2-0: Called Strike 2-1: Foul Ball, location: 2F 2-2: Foul Ball, location: 2F 2-2: Foul Ball, location: 2F 2-2: Fly out, F5 (Line Drive, 5)
|
Batting: RHB Miguel Encarnación
|
0-0: Ball 1-0: Foul Ball, location: 2F 1-1: Foul Ball, location: 2F 1-2: Ball 2-2: SINGLE (Groundball, 5L)
|
Batting: LHB Stan Hickman
|
0-0: Ball 1-0: Ball 2-0: DOUBLE (Line Drive, 56D) Miguel Encarnación to third Runner from 3rd tries for Home, throw and OUT!
|
Bottom of the 1st over - 0 run(s), 2 hit(s), 0 error(s), 1 left on base; Austin 0 - Kalamazoo 0 |
TOP OF THE 2ND |
Austin River Sharks batting - Pitching for Kalamazoo Royale with Cheese : RHP Jason Taylor
|
Batting: SHB Juan Castro
|
0-0: Swinging Strike 0-1: Ball 1-1: Ball 2-1: Ball 3-1: Base on Balls
|
Batting: RHB Rich Ruffin
|
0-0: Ball 1-0: Called Strike 1-1: Swinging Strike 1-2: Ball 2-2: Foul Ball, location: 2F 2-2: Strikes out swinging
|
Batting: RHB Kenneth Roberts
|
0-0: DOUBLE (Flyball, 89XD) Juan Castro to third Juan Castro scores
|
Batting: LHB Terry Maloney
|
0-0: Ball 1-0: Ball 2-0: Fly out, F6 (Popup, 6MS)
|
Batting: RHB Hidetada Kichida
|
0-0: SINGLE (Groundball, 6M) Kenneth Roberts to third Runner from 3rd tries for Home, SAFE, no throw or cutoff
|
Batting: LHB Miguel Pérez
|
0-0: Called Strike 0-1: Swinging Strike 0-2: Strikes out looking
|
Top of the 2nd over - 2 run(s), 2 hit(s), 0 error(s), 1 left on base; Austin 2 - Kalamazoo 0 |
BOTTOM OF THE 2ND |
Kalamazoo Royale with Cheese batting - Pitching for Austin River Sharks : LHP Walter Bamber
|
Batting: RHB Juan Mendoza
|
0-0: Foul Ball, location: 2F 0-1: Ball 1-1: SOLO HOME RUN (Flyball, 78XD), Distance : 430 ft
|
Batting: LHB David Richardson
|
0-0: Ball 1-0: Foul Ball, location: 2F 1-1: Ball 2-1: Ball 3-1: Called Strike 3-2: Fly out, F6 (Popup, 5L)
|
Batting: LHB Jack Hewat
|
0-0: Ball 1-0: Ball 2-0: Fly out, F4 (Popup, 34D)
|
Batting: LHB Ben Moss
|
0-0: Fly out, F8 (Flyball, 8LM)
|
Bottom of the 2nd over - 1 run(s), 1 hit(s), 0 error(s), 0 left on base; Austin 2 - Kalamazoo 1 |
TOP OF THE 3RD |
Austin River Sharks batting - Pitching for Kalamazoo Royale with Cheese : RHP Jason Taylor
|
Batting: LHB Luis Padilla
|
0-0: Called Strike 0-1: Called Strike 0-2: Ball 1-2: Foul Ball, location: 2F 1-2: Ball 2-2: Foul Ball, location: 2F 2-2: Ball 3-2: Strikes out swinging
|
Batting: LHB Roberto García
|
0-0: Called Strike 0-1: Ball 1-1: Foul Ball, location: 2F 1-2: Strikes out swinging
|
Batting: LHB Pedro Zaragoza
|
0-0: Called Strike 0-1: Ball 1-1: Foul Ball, location: 2F 1-2: Foul Ball, location: 2F 1-2: Ground out 5-3 (Groundball, 15S)
|
Top of the 3rd over - 0 run(s), 0 hit(s), 0 error(s), 0 left on base; Austin 2 - Kalamazoo 1 |
BOTTOM OF THE 3RD |
Kalamazoo Royale with Cheese batting - Pitching for Austin River Sharks : LHP Walter Bamber
|
Batting: LHB Jacob Wright
|
0-0: Foul Ball, location: 2F 0-1: Called Strike 0-2: Fly out, F8 (Line Drive, 8LS)
|
Batting: RHB Fernando Martínez
|
0-0: Foul Ball, location: 2F 0-1: DOUBLE (Line Drive, 7LM)
|
Batting: RHB Run-ming Zhu
|
0-0: Fly out, F3 (Popup, 3F)
|
Batting: RHB Miguel Encarnación
|
0-0: Ball 1-0: Ground out 4-3 (Groundball, 4)
|
Bottom of the 3rd over - 0 run(s), 1 hit(s), 0 error(s), 1 left on base; Austin 2 - Kalamazoo 1 |
TOP OF THE 4TH |
Austin River Sharks batting - Pitching for Kalamazoo Royale with Cheese : RHP Jason Taylor
|
Batting: SHB Juan Castro
|
0-0: SINGLE (Line Drive, 6MD)
|
Batting: RHB Rich Ruffin
|
0-0: Ball 1-0: Ball 2-0: Ball 3-0: Called Strike 3-1: 2-RUN HOME RUN (Flyball, 78D), Distance : 429 ft
|
Batting: RHB Kenneth Roberts
|
0-0: Foul Ball, location: 2F 0-1: Called Strike 0-2: Ball 1-2: Ball 2-2: Foul Ball, location: 2F 2-2: Foul Ball, location: 2F 2-2: Foul Ball, location: 2F 2-2: Foul Ball, location: 2F 2-2: Ball 3-2: Strikes out swinging
|
Batting: LHB Terry Maloney
|
0-0: Ball 1-0: Foul Ball, location: 2F 1-1: Ball 2-1: Swinging Strike 2-2: Ball 3-2: Strikes out swinging
|
Batting: RHB Hidetada Kichida
|
0-0: Called Strike 0-1: Fly out, F8 (Flyball, 8RM)
|
Top of the 4th over - 2 run(s), 2 hit(s), 0 error(s), 0 left on base; Austin 4 - Kalamazoo 1 |
BOTTOM OF THE 4TH |
Kalamazoo Royale with Cheese batting - Pitching for Austin River Sharks : LHP Walter Bamber
|
Batting: LHB Stan Hickman
|
0-0: Ball 1-0: Foul Ball, location: 2F 1-1: Foul Ball, location: 2F 1-2: Ball 2-2: Ball 3-2: Ground out 1-3 (Groundball, 13S)
|
Batting: RHB Juan Mendoza
|
0-0: Called Strike 0-1: DOUBLE (Line Drive, 7D)
|
Batting: LHB David Richardson
|
0-0: Ball 1-0: Called Strike 1-1: Ball 2-1: Swinging Strike 2-2: Fly out, F3 (Line Drive, 3)
|
Batting: LHB Jack Hewat
|
0-0: Called Strike 0-1: Ball 1-1: Ball 2-1: SINGLE (Flyball, 78M) Juan Mendoza to third Runner from 3rd tries for Home, SAFE, no throw or cutoff
|
Batting: LHB Ben Moss
|
0-0: Ball 1-0: Ball 2-0: Called Strike 2-1: Ball 3-1: Base on Balls Jack Hewat to second
|
Batting: LHB Jacob Wright
|
0-0: Called Strike 0-1: Ball 1-1: Foul Ball, location: 2F 1-2: Ball 2-2: Ball 3-2: Ground out 6-3 (Groundball, 6M)
|
Bottom of the 4th over - 1 run(s), 2 hit(s), 0 error(s), 2 left on base; Austin 4 - Kalamazoo 2 |
TOP OF THE 5TH |
Austin River Sharks batting - Pitching for Kalamazoo Royale with Cheese : RHP Jason Taylor
|
Batting: LHB Miguel Pérez
|
0-0: Ball 1-0: Fly out, F8 (Flyball, 8LXD)
|
Batting: LHB Luis Padilla
|
0-0: Ball 1-0: Fly out, F5 (Popup, 5SF)
|
Batting: LHB Roberto García
|
0-0: Ball 1-0: Called Strike 1-1: Foul Ball, location: 2F 1-2: Fly out, F8 (Flyball, 8LD)
|
Top of the 5th over - 0 run(s), 0 hit(s), 0 error(s), 0 left on base; Austin 4 - Kalamazoo 2 |
BOTTOM OF THE 5TH |
Kalamazoo Royale with Cheese batting - Pitching for Austin River Sharks : LHP Walter Bamber
|
Batting: RHB Fernando Martínez
|
0-0: Ball 1-0: Foul Ball, location: 2F 1-1: Swinging Strike 1-2: Strikes out swinging
|
Batting: RHB Run-ming Zhu
|
0-0: Ball 1-0: Ball 2-0: Called Strike 2-1: Fly out, F6 (Line Drive, 6M)
|
Batting: RHB Miguel Encarnación
|
0-0: Swinging Strike 0-1: Ball 1-1: Ball 2-1: Foul Ball, location: 2F 2-2: Strikes out looking
|
Bottom of the 5th over - 0 run(s), 0 hit(s), 0 error(s), 0 left on base; Austin 4 - Kalamazoo 2 |
TOP OF THE 6TH |
Austin River Sharks batting - Pitching for Kalamazoo Royale with Cheese : RHP Jason Taylor
|
Pitching: LHP Morgan McDormand
|
|
Batting: LHB Pedro Zaragoza
|
0-0: Ball 1-0: Ball 2-0: Called Strike 2-1: Foul Ball, location: 2F 2-2: Foul Ball, location: 2F 2-2: Foul Ball, location: 2F 2-2: Ball 3-2: Foul Ball, location: 2F 3-2: Strikes out swinging
|
Pitching: RHP Fergus Wakeford
|
|
Batting: SHB Juan Castro
|
0-0: Ball 1-0: Ball 2-0: Ball 3-0: Base on Balls
|
Batting: RHB Rich Ruffin
|
0-0: Called Strike 0-1: Ball 1-1: Ball 2-1: Ball 3-1: Called Strike 3-2: DOUBLE (Line Drive, 78D) Juan Castro to third
|
Batting: RHB Kenneth Roberts
|
0-0: Ball 1-0: Ball 2-0: Called Strike 2-1: Ground out 4-3 (Groundball, 13)
|
Batting: LHB Terry Maloney
|
0-0: Ball 1-0: Called Strike 1-1: Called Strike 1-2: Ball 2-2: Ball 3-2: Base on Balls
|
Batting: RHB Hidetada Kichida
|
0-0: Foul Ball, location: 2F 0-1: Foul Ball, location: 2F 0-2: SINGLE (Line Drive, 9LM) Juan Castro scores Rich Ruffin to third Terry Maloney to second Runner from 3rd tries for Home, SAFE, no throw or cutoff
|
Batting: LHB Miguel Pérez
|
0-0: Ball 1-0: Fielders Choice at 2nd, U4 (Groundball, 4M)
|
Top of the 6th over - 2 run(s), 2 hit(s), 0 error(s), 2 left on base; Austin 6 - Kalamazoo 2 |
BOTTOM OF THE 6TH |
Kalamazoo Royale with Cheese batting - Pitching for Austin River Sharks : LHP Walter Bamber
|
Pitching: RHP Pedro Magana
|
|
Batting: LHB Stan Hickman
|
0-0: Ball 1-0: Foul Ball, location: 2F 1-1: Ball 2-1: Foul Ball, location: 2F 2-2: Ball 3-2: Strikes out swinging
|
Batting: RHB Juan Mendoza
|
0-0: Called Strike 0-1: Swinging Strike 0-2: Ball 1-2: Strikes out swinging
|
Batting: LHB David Richardson
|
0-0: Ball 1-0: Ball 2-0: Foul Ball, location: 2F 2-1: Ball 3-1: SINGLE (Flyball, 6D)
|
Batting: LHB Jack Hewat
|
0-0: Called Strike 0-1: Ball 1-1: Ball 2-1: Foul Ball, location: 2F 2-2: Ball 3-2: DOUBLE (Groundball, 5L) David Richardson to third David Richardson scores
|
Batting: LHB Ben Moss
|
0-0: Called Strike 0-1: Foul Ball, location: 2F 0-2: Foul Ball, location: 2F 0-2: Strikes out swinging
|
Bottom of the 6th over - 1 run(s), 2 hit(s), 0 error(s), 1 left on base; Austin 6 - Kalamazoo 3 |
TOP OF THE 7TH |
Austin River Sharks batting - Pitching for Kalamazoo Royale with Cheese : RHP Fergus Wakeford
|
Batting: LHB Luis Padilla
|
0-0: Ball 1-0: Foul Ball, location: 2F 1-1: Ball 2-1: Foul Ball, location: 2F 2-2: Foul Ball, location: 2F 2-2: SINGLE (Groundball, 4MD)
|
Batting: LHB Roberto García
|
0-0: Ball 1-0: SINGLE (Line Drive, 9S) Luis Padilla to second
|
Pitching: LHP Gian-Andrea Nota
|
|
Batting: LHB Pedro Zaragoza
|
0-0: Ball 1-0: Ball 2-0: Ball 3-0: Base on Balls Luis Padilla to third Roberto García to second
|
Pitching: RHP Juan González
|
|
Batting: SHB Juan Castro
|
0-0: Called Strike 0-1: Ball 1-1: Foul Ball, location: 2F 1-2: Strikes out swinging
|
Batting: RHB Rich Ruffin
|
0-0: Foul Ball, location: 2F 0-1: Foul Ball, location: 2F 0-2: Strikes out looking
|
Batting: RHB Kenneth Roberts
|
0-0: Ball 1-0: GRAND SLAM HOME RUN (Line Drive, 78XD), Distance : 440 ft
|
Batting: LHB Terry Maloney
|
0-0: SINGLE (Groundball, 56D)
|
Batting: RHB Hidetada Kichida
|
0-0: Called Strike 0-1: Called Strike 0-2: Ball 1-2: Foul Ball, location: 2F 1-2: Strikes out looking
|
Top of the 7th over - 4 run(s), 4 hit(s), 0 error(s), 1 left on base; Austin 10 - Kalamazoo 3 |
BOTTOM OF THE 7TH |
Kalamazoo Royale with Cheese batting - Pitching for Austin River Sharks : RHP Pedro Magana
|
Batting: LHB Jacob Wright
|
0-0: Foul Ball, location: 2F 0-1: Swinging Strike 0-2: Ball 1-2: Ball 2-2: Foul Ball, location: 2F 2-2: Ball 3-2: Foul Ball, location: 2F 3-2: Strikes out swinging
|
Batting: RHB Fernando Martínez
|
0-0: Called Strike 0-1: Called Strike 0-2: Strikes out swinging
|
Batting: RHB Run-ming Zhu
|
0-0: Ball 1-0: Called Strike 1-1: Ground out 1-3 (Groundball, 15)
|
Bottom of the 7th over - 0 run(s), 0 hit(s), 0 error(s), 0 left on base; Austin 10 - Kalamazoo 3 |
TOP OF THE 8TH |
Austin River Sharks batting - Pitching for Kalamazoo Royale with Cheese : RHP Juan González
|
Batting: LHB Miguel Pérez
|
0-0: Ball 1-0: Foul Ball, location: 2F 1-1: SINGLE (Line Drive, 7S)
|
Batting: LHB Luis Padilla
|
0-0: DOUBLE (Line Drive, 9LM) Miguel Pérez to third
|
Pinch Runner at 2nd Juan Acevado:
|
|
Batting: LHB Roberto García
|
0-0: Foul Ball, location: 2F 0-1: Ball 1-1: Ball 2-1: SINGLE (Groundball, 56D) Miguel Pérez scores Juan Acevado to third Runner from 3rd tries for Home, SAFE, throw made home Roberto García to second
|
Batting: LHB Pedro Zaragoza
|
0-0: Ball 1-0: 2-RUN HOME RUN (Line Drive, 9D), Distance : 386 ft
|
Pitching: RHP Ron Eager
|
|
Batting: SHB Juan Castro
|
0-0: Ground out 3-1 (Groundball, 34)
|
Batting: RHB Rich Ruffin
|
0-0: Ball 1-0: Ball 2-0: Swinging Strike 2-1: Ball 3-1: Base on Balls
|
Batting: RHB Kenneth Roberts
|
0-0: Ground out 4-3 (Groundball, 4) Rich Ruffin to second
|
Batting: LHB Terry Maloney
|
0-0: Called Strike 0-1: Ball 1-1: Ground out 4-3 (Groundball, 4M)
|
Top of the 8th over - 4 run(s), 4 hit(s), 0 error(s), 1 left on base; Austin 14 - Kalamazoo 3 |
BOTTOM OF THE 8TH |
Kalamazoo Royale with Cheese batting - Pitching for Austin River Sharks : RHP Pedro Magana
|
Pitching: RHP Armen Boyajian
|
|
Batting: RHB Miguel Encarnación
|
0-0: Ground out 5-3 (Groundball, 5)
|
Batting: LHB Stan Hickman
|
0-0: Ball 1-0: Ball 2-0: Ball 3-0: Called Strike 3-1: Base on Balls
|
Batting: RHB Juan Mendoza
|
0-0: Fly out, F8 (Flyball, 8LD)
|
Batting: LHB David Richardson
|
0-0: Ball 1-0: Called Strike 1-1: Ball 2-1: Ball 3-1: Base on Balls Stan Hickman to second
|
Batting: LHB Jack Hewat
|
0-0: Ball 1-0: Called Strike 1-1: Foul Ball, location: 2F 1-2: Ball 2-2: Fielders Choice at 2nd, 6-4 (Groundball, 6MS)
|
Bottom of the 8th over - 0 run(s), 0 hit(s), 0 error(s), 1 left on base; Austin 14 - Kalamazoo 3 |
TOP OF THE 9TH |
Austin River Sharks batting - Pitching for Kalamazoo Royale with Cheese : RHP Ron Eager
|
Batting: RHB Hidetada Kichida
|
0-0: Called Strike 0-1: Ball 1-1: Called Strike 1-2: Foul Ball, location: 2F 1-2: Fly out, F8 (Flyball, 8RXD)
|
Batting: LHB Miguel Pérez
|
0-0: Swinging Strike 0-1: Ball 1-1: Foul Ball, location: 2F 1-2: Ground out 1-3 (Groundball, 15)
|
Batting: SHB Juan Acevado
|
0-0: Fly out, F8 (Flyball, 8LXD)
|
Top of the 9th over - 0 run(s), 0 hit(s), 0 error(s), 0 left on base; Austin 14 - Kalamazoo 3 |
BOTTOM OF THE 9TH |
Kalamazoo Royale with Cheese batting - Pitching for Austin River Sharks : RHP Armen Boyajian
|
Batting: LHB Ben Moss
|
0-0: Swinging Strike 0-1: Ball 1-1: Swinging Strike 1-2: Foul Ball, location: 2F 1-2: Foul Ball, location: 2F Reached via error on a dropped throw, E1
|
Batting: LHB Jacob Wright
|
0-0: Swinging Strike 0-1: Ball 1-1: Ball 2-1: Foul Ball, location: 2F 2-2: Ball 3-2: Foul Ball, location: 2F 3-2: Fielders Choice at 2nd, 1-6 (Groundball, 13S)
|
Batting: RHB Fernando Martínez
|
0-0: Foul Ball, location: 2F 0-1: Ball 1-1: Swinging Strike 1-2: Ball 2-2: Ball 3-2: Strikes out swinging
|
Batting: RHB Run-ming Zhu
|
0-0: Ball 1-0: Called Strike 1-1: TRIPLE (Line Drive, 78M) Jacob Wright scores
|
Batting: RHB Miguel Encarnación
|
0-0: Called Strike 0-1: Ball 1-1: Ball 2-1: Foul Ball, location: 2F 2-2: Strikes out swinging
|
Bottom of the 9th over - 1 run(s), 1 hit(s), 1 error(s), 1 left on base; Austin 14 - Kalamazoo 4 |
|